details: 'boring solo perch just ignore'

« prev index next »

General information

Mini Map

Players

team 1
NightElfneurogenesis (blue | 33 APM | 2567 actions | 76:58)
Hero icon 5 Demon Hunter
Ability icon 2 Immolation
Ability icon 3 Evasion
Hero icon 4 Keeper of the Grove
Ability icon 2 Entangling Roots
Ability icon 2 Thorns Aura

» actions
Basic commands41
Build / train216
Enter build submenu67
Enter hero's abilities submenu9
Give item / drop item11
Remove unit from queue16
Right click896
Select / deselect1145
Use ability166
2567 total
» units
Wisp85
Huntress6
Dryad13
Hippogryph2
Druid of the Talon6
Chimaera27
Goblin Zeppelin4
Archer11
154 total
» upgrades
Strength of the Wild3
Druid of the Talon Training2
Reinforced Hides3
Well Spring1
Abolish Magic1
Druid of the Claw Training2
Mark of the Talon1
Ultravision1
Marksmanship1
Improved Bows1
Moon Armor3
Strength of the Moon3
Corrosive Breath1
Vorpal Blades1
Mark of the Claw1
25 total
» buildings
Altar of Elders2
Moon Well9
Hunter's Hall1
Ancient of Wonders2
Ancient of War1
Tree of Ages1
Tree of Eternity1
Ancient of Wind1
Ancient of Lore1
Tree of Life11
Chimaera Roost3
Ancient Protector28
61 total
» build order
00:05 Altar of Elders
00:24 Moon Well
00:53 Moon Well
01:50 Moon Well
02:05 Moon Well
02:35 Hunter's Hall
02:47 Ancient of Wonders
03:05 Ancient of War
03:39 Tree of Ages
05:03 Moon Well
05:12 Moon Well
06:11 Tree of Eternity
06:48 Ancient of Wind
07:56 Moon Well
08:31 Ancient of Lore
09:13 Tree of Life
10:37 Chimaera Roost
11:14 Tree of Life
12:23 Moon Well
13:21 Moon Well
16:03 Tree of Life
16:44 Ancient Protector
17:09 Ancient Protector
17:14 Ancient Protector
17:23 Ancient Protector
22:15 Tree of Life
26:27 Tree of Life
26:59 Tree of Life
27:02 Ancient Protector
27:34 Ancient Protector
28:23 Ancient Protector
28:36 Ancient Protector
28:54 Ancient Protector
29:19 Ancient Protector
31:29 Ancient Protector
31:34 Ancient Protector
33:44 Tree of Life
34:31 Tree of Life
35:47 Ancient Protector
35:51 Ancient Protector
35:56 Ancient Protector
36:34 Ancient Protector
36:38 Ancient Protector
36:41 Ancient Protector
37:28 Chimaera Roost
37:34 Ancient of Wonders
38:21 Chimaera Roost
41:02 Ancient Protector
43:11 Tree of Life
43:42 Ancient Protector
43:46 Ancient Protector
44:29 Ancient Protector
47:11 Tree of Life
51:22 Altar of Elders
51:53 Ancient Protector
51:57 Ancient Protector
55:42 Tree of Life
56:27 Ancient Protector
56:30 Ancient Protector
57:34 Ancient Protector
57:38 Ancient Protector
» items
Orb of Venom1
Scroll of Protection4
Potion of Lesser Invulnerability2
Scroll of Town Portal5
Potion of Healing3
15 total
team 2
HumanTheOneTrueKing (red | 53 APM | 4048 actions | 77:00)
Hero icon 7 Archmage
Ability icon 3 Blizzard
Ability icon 3 Brilliance Aura
Ability icon 1 Mass Teleport
Hero icon 6 Blood Mage
Ability icon 3 Flame Strike
Ability icon 2 Siphon Mana
Ability icon 1 Summon Phoenix
Hero icon 8 Goblin Tinker
Ability icon 2 Pocket Factory
Ability icon 2 Engineering Upgrade
Ability icon 3 Cluster Rockets
Ability icon 1 Robo-Goblin

» actions
Assign group hotkey93
Basic commands268
Build / train214
ESC pressed6
Enter build submenu119
Enter hero's abilities submenu21
Give item / drop item20
Right click1101
Select / deselect890
Select group hotkey706
Use ability608
4048 total
» units
Peasant25
Goblin Shredder3
Goblin Zeppelin3
Goblin Sapper3
Dragonhawk Rider8
Sorceress1
Siege Engine11
Priest1
55 total
» upgrades
Masonry3
Armor3
Animal War Training1
Magic Sentry1
Sorceress Training2
Cloud1
Defend1
Priest Training2
Storm Hammers1
Swords3
Gunpowder3
Plating4
Barrage1
Flak Cannons1
Flying Machine Bombs1
Fragmentation Shards1
Flare1
30 total
» buildings
Altar of Kings1
Farm39
Arcane Vault4
Lumber Mill4
Scout Tower150
Arcane Tower3
Guard Tower51
Town Hall5
Keep3
Blacksmith2
Gryphon Aviary6
Castle3
Barracks1
Arcane Sanctum2
Workshop1
275 total
» build order
00:11 Altar of Kings
00:36 Farm
00:37 Farm
00:59 Arcane Vault
01:12 Lumber Mill
01:16 Scout Tower
02:00 Arcane Tower
03:15 Scout Tower
03:16 Scout Tower
03:30 Farm
04:18 Scout Tower
04:35 Scout Tower
04:35 Scout Tower
04:39 Scout Tower
04:40 Scout Tower
04:40 Scout Tower
04:48 Guard Tower
04:50 Scout Tower
04:51 Scout Tower
04:52 Scout Tower
05:02 Guard Tower
05:06 Town Hall
05:08 Guard Tower
05:11 Scout Tower
05:12 Scout Tower
05:29 Guard Tower
06:09 Guard Tower
06:10 Guard Tower
06:13 Arcane Tower
06:40 Guard Tower
06:45 Guard Tower
06:45 Guard Tower
07:17 Keep
07:24 Scout Tower
07:36 Scout Tower
07:37 Scout Tower
07:38 Scout Tower
08:09 Guard Tower
08:12 Guard Tower
08:14 Scout Tower
08:15 Scout Tower
08:17 Arcane Vault
08:27 Blacksmith
08:33 Guard Tower
08:35 Farm
08:44 Scout Tower
08:46 Scout Tower
08:46 Scout Tower
08:47 Scout Tower
08:54 Guard Tower
09:13 Guard Tower
09:18 Guard Tower
09:20 Guard Tower
09:23 Scout Tower
09:42 Gryphon Aviary
09:44 Gryphon Aviary
09:46 Gryphon Aviary
09:50 Keep
10:05 Castle
10:05 Castle
10:24 Guard Tower
12:16 Farm
12:20 Arcane Tower
13:36 Barracks
13:38 Arcane Sanctum
14:37 Arcane Vault
14:47 Scout Tower
14:48 Scout Tower
15:29 Guard Tower
15:30 Farm
15:31 Farm
15:32 Farm
15:33 Farm
15:36 Farm
15:37 Farm
15:37 Farm
15:38 Farm
15:42 Farm
20:37 Town Hall
20:49 Scout Tower
20:49 Scout Tower
20:50 Scout Tower
20:51 Scout Tower
20:53 Scout Tower
20:54 Scout Tower
20:55 Scout Tower
20:56 Scout Tower
20:57 Scout Tower
20:57 Scout Tower
20:58 Scout Tower
21:56 Scout Tower
21:56 Scout Tower
22:13 Guard Tower
22:41 Guard Tower
23:18 Town Hall
23:22 Scout Tower
23:23 Scout Tower
23:24 Scout Tower
23:24 Scout Tower
23:25 Scout Tower
23:26 Scout Tower
23:27 Scout Tower
23:28 Scout Tower
23:28 Scout Tower
23:29 Scout Tower
23:58 Guard Tower
24:10 Guard Tower
24:21 Guard Tower
24:25 Guard Tower
25:11 Guard Tower
25:13 Scout Tower
29:23 Scout Tower
29:24 Scout Tower
29:26 Scout Tower
29:34 Scout Tower
29:35 Scout Tower
29:37 Scout Tower
29:38 Scout Tower
30:10 Guard Tower
30:12 Scout Tower
30:13 Scout Tower
30:18 Scout Tower
32:27 Guard Tower
32:33 Scout Tower
32:35 Scout Tower
32:38 Scout Tower
32:39 Scout Tower
32:43 Scout Tower
32:44 Scout Tower
32:45 Scout Tower
32:46 Scout Tower
32:47 Scout Tower
32:48 Scout Tower
32:49 Scout Tower
32:49 Scout Tower
33:07 Guard Tower
34:15 Town Hall
34:22 Guard Tower
34:24 Guard Tower
37:41 Scout Tower
37:42 Scout Tower
37:43 Scout Tower
37:46 Scout Tower
37:46 Scout Tower
37:53 Scout Tower
37:54 Scout Tower
37:55 Scout Tower
37:56 Scout Tower
37:57 Scout Tower
39:23 Guard Tower
39:25 Guard Tower
43:21 Scout Tower
43:24 Scout Tower
43:25 Scout Tower
43:26 Scout Tower
43:28 Scout Tower
43:29 Scout Tower
43:30 Scout Tower
43:34 Scout Tower
43:34 Scout Tower
43:35 Scout Tower
43:36 Scout Tower
43:37 Scout Tower
43:41 Scout Tower
43:42 Scout Tower
43:43 Scout Tower
43:44 Scout Tower
43:46 Scout Tower
43:47 Scout Tower
43:48 Scout Tower
43:49 Scout Tower
43:53 Scout Tower
43:54 Scout Tower
43:55 Scout Tower
43:58 Scout Tower
43:59 Scout Tower
44:00 Scout Tower
44:09 Lumber Mill
45:06 Guard Tower
45:09 Guard Tower
45:34 Guard Tower
46:40 Guard Tower
47:11 Scout Tower
47:12 Scout Tower
47:13 Scout Tower
47:14 Scout Tower
47:26 Keep
47:34 Arcane Vault
47:41 Guard Tower
47:46 Guard Tower
48:58 Scout Tower
48:59 Scout Tower
49:00 Scout Tower
49:01 Scout Tower
49:17 Scout Tower
49:18 Scout Tower
49:20 Scout Tower
49:20 Scout Tower
49:23 Town Hall
49:25 Guard Tower
49:41 Gryphon Aviary
49:49 Workshop
49:50 Castle
49:54 Guard Tower
50:00 Scout Tower
50:01 Scout Tower
50:02 Scout Tower
50:03 Scout Tower
50:04 Scout Tower
50:05 Scout Tower
50:06 Scout Tower
50:07 Scout Tower
52:06 Guard Tower
53:00 Lumber Mill
53:19 Farm
53:23 Farm
53:32 Farm
54:29 Farm
54:30 Farm
54:31 Farm
54:47 Gryphon Aviary
55:00 Farm
56:45 Farm
56:45 Farm
56:47 Farm
58:07 Gryphon Aviary
59:02 Scout Tower
59:03 Scout Tower
59:04 Scout Tower
59:05 Scout Tower
59:11 Scout Tower
59:13 Scout Tower
59:14 Scout Tower
59:15 Scout Tower
59:21 Scout Tower
59:22 Scout Tower
59:23 Scout Tower
59:30 Farm
60:03 Guard Tower
60:24 Guard Tower
60:48 Guard Tower
60:49 Guard Tower
61:42 Guard Tower
61:51 Farm
61:52 Farm
64:14 Arcane Sanctum
64:29 Farm
65:15 Farm
65:22 Farm
65:55 Blacksmith
66:03 Farm
66:45 Farm
66:48 Farm
66:58 Farm
66:59 Farm
67:01 Farm
67:06 Scout Tower
67:08 Scout Tower
67:10 Scout Tower
67:44 Farm
67:53 Scout Tower
68:51 Scout Tower
68:58 Scout Tower
70:04 Scout Tower
70:06 Guard Tower
70:08 Guard Tower
70:09 Scout Tower
70:21 Farm
70:51 Scout Tower
71:09 Farm
71:13 Scout Tower
71:38 Lumber Mill
73:00 Guard Tower
73:00 Guard Tower
73:02 Guard Tower
» items
Scroll of Regeneration17
Lesser Clarity Potion4
Boots of Speed3
Staff of Teleportation3
Potion of Healing2
Periapt of Vitality3
Potion of Lesser Invulnerability1
Scroll of Town Portal3
Staff of Sanctuary2
Tome of Retraining1
Mechanical Critter2
41 total